 Dungeon Crawl Stone Soup version 0.27-a0-1384-g1422d76b99 (webtiles) character file.

Game seed: 13765041273496455773

35 robertstho the Magician (level 3, -6/26 HPs)
             Began as a Djinni Fire Elementalist on June 30, 2021.
             Mangled by an orc priest (10 damage)
             ... on level 3 of the Dungeon.
             The game lasted 00:02:35 (2232 turns).

robertstho the Magician (Djinni Fire Elementalist)  Turns: 2232, Time: 00:02:35

Health: -6/26      AC:  2    Str:  7    XL:     3   Next: 55%
Gold:   75         EV: 12    Int: 17    God:
                   SH:  0    Dex: 13

rFire    + + .     SeeInvis .   g - +0 trident
rCold    x . .     Faith    .   (no shield)
rNeg     . . .     Spirit   .   a - +0 robe
rPois    ∞         Reflect  .   (no helmet)
rElec    .         Harm     .   (no cloak)
rCorr    .         Rampage  .   (no gloves)
Will     .....                  (boots unavailable)
Stlth    ++........             f - amulet of the acrobat
HPRegen  0.08/turn              (no ring)
MPRegen  0.00/turn              (no ring)

@: flying
A: sickness immunity, fire resistance 2, cold vulnerability 1, float, innate
caster, hp casting, extra vitality 1
a: no special abilities


You were on level 3 of the Dungeon.
You visited 1 branch of the dungeon, and saw 3 of its levels.

You collected 75 gold pieces.

Inventory:

Hand Weapons
 g - a +0 trident (weapon)
Armour
 a - a +0 robe (worn)
Jewellery
 f - an amulet of the acrobat (around neck)
Scrolls
 b - a scroll of identify {unknown}
Potions
 c - a potion of curing {unknown}
 d - a potion of might {unknown}
 e - a potion of lignification {unknown}
 h - a potion of cancellation {unknown}


   Skills:
 * Level 0.5 Fighting
 + Level 2.6 Dodging
 + Level 1.6 Stealth
 * Level 3.1 Spellcasting


You couldn't memorise any spells.
You knew the following spells:

 Your Spells              Type           Power      Damage    Failure   Level
a - Foxfire               Conj/Fire      52%        2x1d6     4%          1
b - Conjure Flame         Conj/Fire      13%        6-21      14%         3
c - Inner Flame           Hex/Fire       13%        N/A       14%         3
d - Sticky Flame          Conj/Fire      13%        2d4       43%         4
e - Fireball              Conj/Fire      6%         3d5       78%         5
f - Magic Dart            Conj           52%        1d5       4%          1
Your spell library was empty.

Dungeon Overview and Level Annotations

Branches:
Dungeon (3/15)

Altars:

Annotations:
D:2 Sigmund


Innate Abilities, Weirdness & Mutations

You are immune to sickness and miasma.
You are immune to poison.
Your flesh is very heat resistant. (rF++)
You are vulnerable to cold. (rC-)
You float through the air rather than walking.
You learn spells naturally, not from books.
Your magical power is your life essence.
You have superior vitality. (+4 HP)


Message History

Casting: Foxfire (safe; 4% risk of failure)
Press: ? - help, Q - select action, (/) - cycle Dir - look around, f - activate You conjure some foxfire!
The foxfire hits the orc priest but does no damage.
Your foxfire dissipates!
Casting: Foxfire (safe; 4% risk of failure)
Press: ? - help, Q - select action, (/) - cycle Dir - look around, f - activate You conjure some foxfire!
The orc priest miscasts a cantrip.
Unknown command.
Casting: Foxfire (safe; 4% risk of failure)
Press: ? - help, Q - select action, (/) - cycle Dir - look around, f - activate You conjure some foxfire!
The orc priest begins to cast a cantrip, but forgets the words!
The foxfire hits the goblin.
You kill the goblin!
Casting: Foxfire (safe; 4% risk of failure)
Press: ? - help, Q - select action, (/) - cycle Dir - look around, f - activate You conjure some foxfire!
The foxfire hits the orc priest but does no damage.
An orc comes into view. It is wielding a +0 flail.
Your foxfire dissipates! x2
The foxfire hits the orc priest.
The orc priest is lightly wounded.
Casting: Foxfire (safe; 4% risk of failure)
Press: ? - help, Q - select action, (/) - cycle Dir - look around, f - activate You conjure some foxfire!
The orc priest invokes the aid of Beogh against you.
Beogh smites you!
* * * LOW HITPOINT WARNING * * *
Casting: Foxfire (safe; 4% risk of failure)
Press: ? - help, Q - select action, (/) - cycle Dir - look around, f - activate You conjure some foxfire!
* * * LOW HITPOINT WARNING * * *
The foxfire hits the orc priest.
The orc priest is moderately wounded.
The foxfire hits the orc priest but does no damage.
The orc priest is moderately wounded.
The orc priest hits you with a +3 flail of protection!
You die...

#.# #.# #.# #.##.
###.#######.##.###
............†....
....#######.###.##
###########.###..#
.................##
############...v..#
#...§@v## #...§.ol#
#.....#o##
#....o#..#
#.....##.#
#.....##.#
#.....##.#
#......#.# ######
...


You could see an orc priest (ally target), 2 orcs and a frilled lizard (ally
target).

Vanquished Creatures
  A dart slug (D:1)
  5 endoplasms
  2 giant cockroaches
  A goblin (D:3)
  A hobgoblin (D:1)
  A jackal (D:3)
  6 quokkas
  A ball python (D:3)
  A bat (D:1)
  4 frilled lizards (D:1)
  5 kobolds
  A rat (D:3)
29 creatures vanquished.

Vanquished Creatures (collateral kills)
  A foxfire (D:3)
1 creature vanquished.

Vanquished Creatures (others)
  134 foxfires
134 creatures vanquished.

Grand Total: 164 creatures vanquished

Notes
Turn   | Place    | Note
-------+----------+-------------------------------------------
     0 | D:1      | robertstho the Djinni Fire Elementalist began the quest for
                  | the Orb.
     0 | D:1      | Reached XP level 1. HP: 15/15 MP: 0/0
   361 | D:1      | Reached XP level 2. HP: 21/22 MP: 0/0
  1005 | D:1      | Reached XP level 3. HP: 24/26 MP: 0/0
  1005 | D:1      | Learned a level 1 spell: Magic Dart
  1614 | D:2      | Reached skill level 3 in Spellcasting
  1716 | D:2      | Noticed Sigmund
  2232 | D:3      | Mangled by an orc priest

Illustrated notes

Levels and vault maps discovered:
D:1:      dpeg_arrival_long_road, layout_loops_ring, st_stairs_11,
          kennysheep_nondescript, roderic_filled_cross, kennysheep_boxes
D:2:      layout_loops_ring, uniq_sigmund
D:3:      layout_basic, ebering_ecumenical_altar_box

Skill      XL: |  1  2  3 |
---------------+----------+-----
Spellcasting   | 3 |  3.1
Fighting       | |  0.5
Dodging        | |  2.6
Stealth        | |  1.6

Action                   || total
-------------------------++-------
Melee: Unarmed           ||     4
 Cast: Foxfire           ||    83
       Magic Dart        ||     1
Armor: Robe              ||     3
Dodge: Dodged            ||    12

Table legend: (Time is in decaauts)
 A = Elapsed time spent in this place.
 B = Non-inter-level travel time spent in this place.
 C = Inter-level travel time spent in this place.
 D = Time resting spent in this place.
 E = Time spent auto-exploring this place.
 F = Levels seen in this place.
 G = Mean time per level.
                   A        B        C        D        E       F      G
               +--------+--------+--------+--------+--------+-----+--------+
         Total |   2231 |   2198 |     33 |    229 |   1763 |   3 |  743.7 |
       Dungeon |   2231 |   2198 |     33 |    229 |   1763 |   3 |  743.7 |
               +--------+--------+--------+--------+--------+-----+--------+

Top non-repeatable levels by time:
     D:1: 1444 daAuts
     D:3: 490 daAuts
     D:2: 296 daAuts
